 Dungeon Crawl Stone Soup version 0.29.1-12-g30fa7ad0bf (webtiles) character file.

Game seed: 16586179600029195917

556197 beikul2 the Djinni Blade (level 27, -6/282 HPs)
             Began as a Djinni Fire Elementalist on Dec 18, 2022.
             Was a Priest of Ashenzari.
             Mangled by a quicksilver dragon (14 damage)
             ... on level 2 of the Realm of Zot on Dec 23, 2022.
             The game lasted 11:34:24 (65782 turns).

beikul2 the Djinni Blade (DjFE)                    Turns: 65782, Time: 11:34:25

Health: -6/282     AC: 39    Str:  8    XL:     27
Gold:   7634       EV: 38    Int: 30    God:    Ashenzari [***...] SH: 10 Dex: 33

rFire   + + +      SeeInvis +   b - +5 long sword "Widowermaker" {drain, rC+++ Will- Str-4 Dex+8}
rCold   + + +      Faith    .   g - +3 buckler {reflect}
rNeg    + + .      Spirit   .   (body armour currently unavailable)
rPois   ∞          Reflect  +   w - +2 helmet "Cryptic Sybil" {Will++ rCorr Int+8 Dex-4, Self, Fort} (curse)
rElec   +          Harm     .   M - +2 cloak of Zan Byas {rElec Str+5}
rCorr   +          Rampage  .   (gloves currently unavailable)
Will    ++...      Clarity  +   (boots unavailable)
Stlth   +++++.....              O - amulet "At What Cost Knowledge?" {Regen+, Self, Evo} (curse)
HPRegen 1.37/turn               r - ring "Kiruuf" {rElec rC+ rN+ Will- Dex+6}
MPRegen 0.00/turn               N - ring of the Ensconced Burden {rF+, Self, Fort} (curse)

@: about to teleport, statue-form, forested, flying, studying 2 skills, very
slow
A: slow and powerful, torment resistance 1, flying, boosted hp, sickness
immunity, fire resistance 2, cold vulnerability 1, float, innate caster, HP
casting, extra vitality 1
}: 3/15 runes: decaying, serpentine, silver
a: End Transformation, Renounce Religion, Curse Item, Shatter the Chains


You were on level 2 of the Realm of Zot.
You worshipped Ashenzari.
Ashenzari was most pleased with you.
You were a living statue of rough stone.
You visited 11 branches of the dungeon, and saw 47 of its levels.
You visited the Abyss 1 time.
You also visited: Bailey, Gauntlet and Wizlab.

You collected 10528 gold pieces.
You spent 2894 gold pieces at shops.

Inventory:

Hand Weapons
 a - the +5 triple sword of Slow Death {speed, Str+3 Int+5}
   (You acquired it on level 3 of the Elven Halls)

   Attacks with this weapon are significantly faster.
   Str:       It affects your strength (+3).
   Int:       It affects your intelligence (+5).
 b - the +5 long sword "Widowermaker" (weapon) {drain, rC+++ Will- Str-4 Dex+8}
   (You took it off a deep elf annihilator on level 3 of the Elven Halls)

   A truly terrible weapon, it drains the life of any living foe it strikes.
   Str:       It affects your strength (-4).
   Dex:       It affects your dexterity (+8).
   rC:        It renders you almost immune to cold.
   Will:      It decreases your willpower.
 f - a +6 vampiric triple sword
 D - a +8 eudemon blade of holy wrath
 Y - the +8 triple sword of the Chain {vorpal, rN++ Int-2 Dex+8}
   (You acquired it on level 2 of the Snake Pit)

   It inflicts extra damage upon your enemies.
   Int:       It affects your intelligence (-2).
   Dex:       It affects your dexterity (+8).
   rN:        It greatly protects you from negative energy.
Armour
 g - a +3 buckler of reflection (worn)
 k - the cursed +2 pair of gloves of the Ruined Sage (melded) {rF++ Regen+ Dex-3 Slay+5, Evo, Range}
   (You found it on level 3 of the Depths)

   Dex:       It affects your dexterity (-3).
   Slay:      It affects your accuracy & damage with ranged weapons and melee
   (+5).
   rF:        It greatly protects you from fire.
   Regen:     It increases your rate of health regeneration.
   It has a curse which improves the following skills: Evocations: Evocations.
   Ranged Combat: Ranged Weapons and Throwing.
 w - the cursed +2 helmet "Cryptic Sybil" (worn) {Will++ rCorr Int+8 Dex-4, Self, Fort}
   (You bought it in a shop on level 2 of the Vaults)

   Int:       It affects your intelligence (+8).
   Dex:       It affects your dexterity (-4).
   rCorr:     It protects you from acid and corrosion.
   Will:      It greatly increases your willpower.
   It has a curse which improves the following skills: Introspection: Fighting
   and Spellcasting.
   Fortitude: Armour and Shields.
 C - the cursed +4 ring mail "I Foresaw This" (melded) {+Blink Regen+ Str+3, Melee, Evo}
   (You found it on level 4 of the Vaults)

   Str:       It affects your strength (+3).
   +Blink:    It lets you blink.
   Regen:     It increases your rate of health regeneration.
   It has a curse which improves the following skills: Melee Combat: Short
   Blades, Long Blades, Axes, Maces & Flails, Polearms, Staves and Unarmed
   Combat.
   Evocations: Evocations.
 M - the +2 cloak of Zan Byas (worn) {rElec Str+5}
   (You found it on level 3 of the Depths)

   Str:       It affects your strength (+5).
   rElec:     It insulates you from electricity.
Magical Staves
 V - a staff of fire
Jewellery
 e - the ring of Afeprano {rN+ MP+9 Str-5 Dex+8 SInv}
   (You acquired it on level 7 of the Dungeon)

   [ring of positive energy]

   Str:       It affects your strength (-5).
   Dex:       It affects your dexterity (+8).
   rN:        It protects you from negative energy.
   MP:        It affects your magic capacity (+9).
   SInv:      It lets you see invisible.
 r - the ring "Kiruuf" (left fist) {rElec rC+ rN+ Will- Dex+6}
   (You took it off a deep elf demonologist on level 3 of the Elven Halls)

   [ring of dexterity]

   Dex:       It affects your dexterity (+6).
   rC:        It protects you from cold.
   rElec:     It insulates you from electricity.
   rN:        It protects you from negative energy.
   Will:      It decreases your willpower.
 y - the brooch of Shielding {Spirit SH+8}
   (You took it off an ironbound convoker on level 5 of the Vaults)

   [amulet of guardian spirit]

   It causes incoming damage to be divided between your reserves of health and
   magic.
   SH:        It affects your SH (+8).
 N - the cursed ring of the Ensconced Burden (right fist) {rF+, Self, Fort}
   (You found it on level 1 of the Dungeon)

   [ring of protection from fire]

   rF:        It protects you from fire.
   It has a curse which improves the following skills: Introspection: Fighting
   and Spellcasting.
   Fortitude: Armour and Shields.
 O - the cursed amulet "At What Cost Knowledge?" (around neck) {Regen+, Self, Evo}
   (You found it on level 1 of the Swamp)

   [amulet of regeneration]

   Regen:     It increases your rate of health regeneration.
   It has a curse which improves the following skills: Introspection: Fighting
   and Spellcasting.
   Evocations: Evocations.
 R - a ring of ice
 X - a ring of protection from cold
Wands
 d - a wand of polymorph (19)
 h - a wand of quicksilver (48)
 j - a wand of iceblast (20)
 F - a wand of mindburst (11)
 G - a wand of paralysis (43)
Scrolls
 i - 12 scrolls of fog
 m - 4 scrolls of enchant armour
 p - 4 scrolls of magic mapping
 s - 9 scrolls of poison
 x - 15 scrolls of immolation
 A - 12 scrolls of teleportation
 E - 3 scrolls of vulnerability
 I - 3 scrolls of torment
 L - 4 scrolls of silence
 P - 5 scrolls of fear
 Z - a scroll of summoning
Potions
 c - 9 potions of attraction
 l - 3 potions of might
 n - 2 potions of cancellation
 o - 9 potions of lignification
 u - 10 potions of mutation
 v - 4 potions of resistance
 z - 20 potions of curing
 B - a potion of haste
 K - 11 potions of brilliance
 Q - 2 potions of invisibility
 S - 4 potions of ambrosia
 U - 2 potions of berserk rage
 W - a potion of heal wounds
Miscellaneous
 q - a box of beasts
 t - a tin of tremorstones (2/2)
 H - a phial of floods
 T - a phantom mirror


   Skills:
 - Level 21.1(23.9) Fighting
 - Level 3.0(15.1) Short Blades
 - Level 22.4(22.5) Long Blades
 - Level 3.6 Maces & Flails
 + Level 4.8(7.2) Armour
 - Level 20.7 Dodging
 - Level 7.6 Stealth
 - Level 2.1(4.0) Shields
 * Level 21.0(23.8) Spellcasting
 - Level 9.4(11.0) Evocations


You couldn't memorise any spells.
You knew the following spells:

 Your Spells              Type           Power      Damage    Failure   Level
a - Foxfire               Conj/Fire      100%       2x1d9     0%          1
b - Scorch                Fire           100%       2d10      0%          2
c - Conjure Flame         Conj/Fire      100%       6-21      0%          3
d - Inner Flame           Hex/Fire       100%       N/A       0%          3
e - Flame Wave            Conj/Fire      100%       2d21      0%          4
f - Slow                  Hex            100%       N/A       0%          1
g - Searing Ray           Conj           100%       2d8       0%          2
h - Blink                 Tloc           100%       N/A       0%          2
i - Ice Form              Ice/Tmut       100%       N/A       0%          4
j - Summon Forest         Summ/Tloc      54%        N/A       0%          5
k - Blade Hands           Tmut           54%        N/A       0%          5
l - Statue Form           Tmut/Erth      72%        N/A       0%          6
m - Starburst             Conj/Fire      54%        6d15      0%          6
n - Malign Gateway        Summ/Tloc      54%        N/A       1%          7
o - Summon Hydra          Summ           54%        N/A       1%          7
p - Orb of Destruction    Conj           54%        9d14      1%          7
q - Lehudib's Crystal Sp  Conj/Erth      54%        10d13     1%          8
r - Polar Vortex          Ice            54%        N/A       6%          9
Your spell library was empty.

Dungeon Overview and Level Annotations

Branches:
Dungeon (15/15)            Temple (1/1) D:5            Lair (5/5) D:10
  Swamp (4/4) Lair:3        Snake (4/4) Lair:3        Slime (0/5) Lair:4
    Orc (2/2) D:12            Elf (3/3) Orc:2        Vaults (5/5) D:13
  Crypt (2/3) Vaults:2     Depths (4/4) D:15            Zot (2/5) Depths:4
 Bailey (visited)          WizLab (visited)         Gauntlet (visited)

Altars:
Ashenzari
Cheibriados
Dithmenos
Elyvilon
Fedhas
Gozag
Hepliaklqana
Makhleb
Nemelex Xobeh
Okawaru
Qazlal
Ru
Trog
Uskayaw
Wu Jian
Xom
Yredelemnul
Zin
The Shining One
Jiyva

Shops:
D:5 =   D:7 *(   Orc:2 [([=*   Elf:1 *   Snake:1 =:=   Snake:3 :(
Vaults:2 =![=   Vaults:3 (

Portals:
Hell: Depths:1 Depths:2 Depths:3 Depths:4
Abyss: Depths:1 Depths:3
Pandemonium: Depths:2
Ziggurat: Depths:2
Trove: D:11 (give 4 scrolls of fog)

Annotations:
Elf:2 5 runed translucent doors


Innate Abilities, Weirdness & Mutations

You are a living statue of rough stone.
Your actions are slow, but your melee attacks are powerful.
You are resistant to unholy torment.
You are flying.
Your maximum health is greatly increased.
Your equipment is partially melded.
You are immune to sickness and miasma.
You are immune to poison.
Your flesh is very heat resistant. (rF++)
You are vulnerable to cold. (rC-)
You float through the air rather than walking.
You learn spells naturally, not from books.
Your magical power is your life essence.
You have superior vitality. (+4 MHP)


Message History

The moth of wrath angrily waves its antennae.
The tentacled monstrosity attacks as you move away!
You block the tentacled monstrosity's attack.
The tentacled monstrosity tentacle-slaps you but does no damage.
The tentacled monstrosity completely misses you. x2
You block the death cob's attack. The death cob completely misses you.
The red draconian breathes fire at you. The searing blast misses you.
The quicksilver dragon rages.
The electric golem hits you.
* * * LOW HITPOINT WARNING * * *
The electric golem shocks you. You resist.
* * * LOW HITPOINT WARNING * * *
The electric golem barely misses you. You block the electric golem's attack.
The electric golem completely misses you.
The death cob completely misses you. The electric golem misses you.
The electric golem completely misses you. x3
You hear a deafening roar!
You block the moth of wrath's attack.
The electric golem hits you but does no damage.
The electric golem misses you. You block the electric golem's attack.
The electric golem completely misses you.
The quicksilver dragon bites you but does no damage.
You block the quicksilver dragon's attack.
The quicksilver dragon bites you!!
* * * LOW HITPOINT WARNING * * *
The quicksilver dragon misses you.
The electric golem blinks!
The shadow dragon breathes negative energy at you.
The bolt of negative energy hits the tentacled monstrosity.
The tentacled monstrosity completely resists.
The bolt of negative energy hits the orb of fire.
The orb of fire completely resists.
The bolt of negative energy hits the tentacled monstrosity.
The tentacled monstrosity completely resists.
The bolt of negative energy misses you.
The tentacled monstrosity is engulfed in blazing flames.
The tentacled monstrosity completely misses you. x2
You block the tentacled monstrosity's attack. x2
The quicksilver dragon bites you!
You die...

, , ,....♣.♣♣♣#♣
*♣..♣....# #.*
♣§d.9...♣ ##.
♣.......♣
##..#♣♣♣♣#.{♣d...♣
#...........♣....♣
..........yD..Ddq♣
...#.♣.#q..D♣DzyD♣
..#yq...♣.dq..*X8♣
.#yD.<...#.D.X.♣.#
...X#♣♣........z.♣
.#.{z>...#..#.####
....###.......#
*#{..○...#..###
..#zD...#...#
..z#†#D#....#
....d.y....##


You could see an orb of fire, an electric golem, 2 shadow dragons, 2 tentacled
monstrosities, a green draconian monk, 2 golden dragons, a purple draconian, 2
draconians, a white draconian, 2 death cobs, 2 quicksilver dragons, a yellow
draconian annihilator and 2 moths of wrath.

Vanquished Creatures
  Mennas (Depths:3)
  An ancient lich (Vaults:5)
  3 juggernauts (Depths:4)
  Saint Roka (Snake:2)
  A caustic shrike (Depths:4)
  3 golden dragons
  A bone dragon (Vaults:2)
  Jorgrun (Orc:2)
  3 liches (Depths:4)
  7 titans
  12 tentacled monstrosities
  A walking divine tome (Depths:4)
  3 quicksilver dragons
  A deep elf master archer (Elf:3)
  3 deep elf blademasters
  5 sphinxes
  4 ancient champions
  Kirke (Snake:4)
  5 death cobs
  A draconian knight (Zot:1)
  4 shadow dragons
  11 tengu reavers
  9 fire giants
  8 storm dragons
  A fenstrider witch (Swamp:3)
  8 frost giants
  5 nagarajas (Snake:4)
  2 revenants
  Aizul (Snake:1)
  A juggernaut zombie (Depths:3)
  3 iron dragons
  Louise (Swamp:4)
  7 vault wardens
  A caustic shrike zombie (Crypt:1)
  2 orc warlords (Depths:3)
  5 deep elf sorcerers
  A curse skull (Crypt:1)
  A spectral caustic shrike (WizLab)
  A war gargoyle (Vaults:5)
  3 ghouls (Crypt:1)
  33 very ugly things
  3 spriggan defenders (Depths:4)
  The ghost of t4s4d4r the Bludgeoner, a journeyman DgFi (Orc:1)
  19 stone giants
  2 juggernaut skeletons (Crypt:1)
  A deep elf elementalist (Elf:3)
  15 ironbound preservers
  A green draconian (Zot:1)
  6 vampire knights
  2 deep elf demonologists (Elf:3)
  7 ironbound thunderhulks
  3 eleionomae
  2 dire elephants
  An entropy weaver (Vaults:4)
  A red draconian (Zot:1)
  Azrael (D:14)
  2 purple draconians (Zot:1)
  5 deep elf annihilators (Elf:3)
  A minotaur (Gauntlet)
  3 spectral titans (WizLab)
  A minotaur (shapeshifter) (Vaults:5)
  A yellow draconian (Zot:1)
  2 halazid warlocks (WizLab)
  A white draconian (Zot:1)
  7 spark wasps
  4 bunyips
  2 eidola
  15 ettins
  6 jiangshi
  4 deep elf death magi
  3 deep elf high priests
  9 fire dragons
  A merfolk impaler (Orc:1)
  A quicksilver dragon zombie (WizLab)
  A merfolk javelineer (Depths:1)
  2 shambling mangroves (Swamp:4)
  10 yaktaur captains
  25 vault guards
  7 rakshasas
  2 salamander tyrants
  7 great orbs of eyes
  17 hydras
  12 ice dragons
  A spriggan skeleton (Depths:3)
  2 catoblepae
  2 ogre magi
  5 boulder beetles
  A quicksilver dragon skeleton (Crypt:2)
  A ghost crab (Swamp:4)
  5 anacondas
  An elf skeleton (Crypt:1)
  12 two-headed ogres
  2 spriggan air magi
  7 ironbound frosthearts
  2 death knights (D:14)
  9 deep troll shamans
  11 dancing weapons
  9 tengu warriors
  11 naga warriors
  13 centaur warriors
  4 alligators
  3 deep troll earth magi
  7 shock serpents
  8 vampire magi
  A titan zombie (WizLab)
  9 naga sharpshooters
  5 hell knights
  An orc high priest (Bailey)
  5 spriggan berserkers
  6 deep elf knights
  2 titan skeletons
  2 salamander mystics
  A fire crab (shapeshifter) (Vaults:5)
  4 soul eaters
  A death drake (shapeshifter) (Elf:1)
  2 fire crabs
  5 iron trolls
  4 goliath frogs
  10 skeletal warriors (D:14)
  A spark wasp zombie (Depths:3)
  47 deep trolls
  3 flayed ghosts
  3 spriggan druids
  7 swamp dragons
  6 naga ritualists
  A glowing orange brain (Depths:2)
  A bog body (Swamp:2)
  3 shadow wraiths
  13 deep elf archers
  4 sea snakes (Snake:4)
  A spectral wolf spider (WizLab)
  6 wizards
  A deep troll (shapeshifter) (Vaults:5)
  5 harpies (Vaults:2)
  15 ironbound convokers
  10 phantasmal warriors
  Pikel (D:4)
  15 deep elf zephyrmancers
  7 mana vipers
  An orc sorcerer (Elf:3)
  13 deep elf pyromancers
  A frost giant zombie (Crypt:1)
  12 orc knights
  10 necromancers
  A wolf spider zombie (WizLab)
  8 cyclopes
  A shining eye (shapeshifter) (Vaults:5)
  9 lindwurms
  2 wolf spiders
  24 ugly things
  2 manticores
  5 will-o-the-wisps (Swamp:3)
  11 salamanders
  A cyclops (shapeshifter) (Depths:2)
  A human zombie (Vaults:4)
  4 elephants
  6 moths of wrath
  15 naga magi
  16 vault sentinels
  An iron dragon skeleton (Depths:3)
  4 guardian serpents
  A centaur zombie (Crypt:2)
  30 black mambas
  A human skeleton (Crypt:1)
  A water nymph (shapeshifter) (Depths:4)
  A molten gargoyle (Lair:5)
  An unseen horror (D:12)
  An orange demon (Depths:2)
  A smoke demon (Depths:2)
  4 freezing wraiths
  A kobold demonologist (D:9)
  A rime drake (shapeshifter) (Vaults:5)
  2 komodo dragons (shapeshifter)
  3 cane toads
  10 komodo dragons
  17 yaktaurs
  5 tengu conjurers
  A hellwing (Depths:2)
  A polar bear (Lair:3)
  3 trolls
  3 meliai (Gauntlet)
  A merfolk (Swamp:4)
  2 harpy zombies
  A queen bee (shapeshifter) (Depths:1)
  A meliai (shapeshifter) (Depths:4)
  A hydra zombie (Crypt:2)
  8 hornets
  29 slime creatures
  An ettin zombie (Crypt:2)
  8 blink frogs
  3 tyrant leeches
  3 air elementals
  Sigmund (D:3)
  25 flying skulls
  4 wyverns
  3 spriggans
  A shadow (D:9)
  A nameless horror (WizLab)
  5 wraiths
  A culicivora (shapeshifter) (Depths:2)
  2 humans (D:9)
  11 water elementals
  16 yaks
  3 basilisks
  3 fire elementals
  5 redbacks
  A black mamba skeleton (Crypt:2)
  2 steam dragons
  A wind drake skeleton (Crypt:2)
  2 vampire mosquitoes
  A deep troll zombie (Crypt:1)
  A two-headed ogre zombie (Crypt:2)
  4 swamp worms
  A harpy simulacrum (Crypt:2)
  33 nagas
  2 hell hounds (D:14)
  An acid dragon (D:8)
  12 water moccasins
  A fire bat skeleton (Crypt:2)
  A glowing shapeshifter skeleton (Crypt:1)
  7 swamp drakes
  A floating eye (Depths:4)
  An elephant zombie (Crypt:2)
  A naga skeleton (Crypt:2)
  3 sky beasts
  14 orc warriors
  An elephant skeleton (Crypt:1)
  10 ogres
  2 wolves (Lair:5)
  10 centaurs
  A dream sheep skeleton (Crypt:1)
  A lemure (D:4)
  A manticore skeleton (Crypt:1)
  A phantom (D:6)
  3 kobold brigands
  14 bullfrogs
  3 gnoll sergeants
  6 necrophages
  2 scorpions
  2 earth elementals
  12 wights
  5 killer bees (D:9)
  A wolf zombie (Crypt:1)
  4 electric eels
  5 howler monkeys (D:9)
  11 lava snakes
  A gnoll bouda (D:6)
  6 orc priests
  5 hounds
  2 jellies
  Natasha (thrice) (D:3)
  A black bear skeleton (Crypt:2)
  Ijyb (D:5)
  Terence (D:2)
  2 iguanas
  17 orc wizards
  An adder (shapeshifter) (Depths:2)
  20 gnolls
  5 adders
  2 shadow imps
  3 ufetubi (D:5)
  2 dart slugs (D:2)
  41 orcs
  3 ball pythons
  5 bats
  3 endoplasms
  A giant cockroach (D:4)
  7 goblins
  7 hobgoblins
  3 jackals (D:4)
  16 kobolds
  6 quokkas
  4 frilled lizards
  A kobold skeleton (Crypt:2)
  3 rats
  3 snaplasher vines
1441 creatures vanquished.

Vanquished Creatures (collateral kills)
  Margery (Depths:4)
  A golden dragon (Depths:4)
  Jory (Vaults:2)
  Nikola (Depths:1)
  Zenata (Vaults:1)
  A titan (Vaults:5)
  A walking divine tome (Depths:4)
  Gastronok (Lair:2)
  2 ancient champions (WizLab)
  2 sphinxes (Vaults:5)
  An eldritch tentacle (Vaults:5)
  A storm dragon (Depths:3)
  3 tengu reavers
  A draconian monk (Zot:1)
  A fenstrider witch (Swamp:4)
  A revenant (WizLab)
  A draconian knight (Depths:4)
  2 nagarajas (Snake:4)
  2 fire giants
  2 frost giants
  4 orc warlords
  2 deep elf sorcerers
  6 vault wardens
  A spriggan defender (Depths:2)
  2 deep elf elementalists (Elf:3)
  A war gargoyle (Vaults:5)
  A reaper (Depths:2)
  10 ironbound preservers
  A vampire knight (Depths:2)
  3 ironbound thunderhulks
  Nessos (Lair:3)
  4 stone giants
  9 deep elf demonologists
  17 very ugly things
  2 entropy weavers
  3 deep elf annihilators
  2 halazid warlocks (WizLab)
  3 bunyips
  A spark wasp (Depths:1)
  4 ettins
  A crystal guardian (Vaults:4)
  5 deep elf death magi
  Josephine (D:12)
  2 jiangshi (WizLab)
  2 rakshasas (Depths:1)
  4 fire dragons
  2 ice dragons
  2 deep elf high priests
  2 great orbs of eyes
  8 yaktaur captains
  4 vault guards
  A peacekeeper (Vaults:4)
  3 ogre magi (Orc:2)
  3 hydras
  7 ironbound frosthearts
  2 anacondas
  10 two-headed ogres
  2 dancing weapons (Elf:1)
  2 alligators (Swamp:2)
  4 deep troll earth magi
  A naga warrior (Snake:2)
  The ghost of diceflayer the Nimble, a novice DsHu of Okawaru (D:10)
  5 centaur warriors
  3 deep troll shamans
  2 death yaks (Lair:1)
  2 naga sharpshooters (Snake:1)
  3 shock serpents
  4 tengu warriors
  A spriggan berserker (Depths:1)
  2 hell knights (Depths:4)
  A soul eater (Depths:1)
  3 deep elf knights
  2 skeletal warriors (WizLab)
  2 iron trolls
  A spark wasp zombie (WizLab)
  2 goliath frogs (Swamp:2)
  12 deep trolls
  A flayed ghost (Depths:1)
  5 swamp dragons
  A spriggan druid (Swamp:2)
  A glowing orange brain (Depths:3)
  A wizard (Depths:2)
  2 bog bodies (Swamp:3)
  3 lindwurms
  12 ironbound convokers
  7 deep elf zephyrmancers
  A mana viper (Snake:1)
  An orc sorcerer (Orc:1)
  A cyclops (Orc:2)
  10 ugly things
  4 orc knights
  A phantasmal warrior (WizLab)
  5 deep elf pyromancers
  A necromancer (Depths:3)
  A manticore (shapeshifter) (Vaults:5)
  A faun (shapeshifter) (Depths:2)
  A moth of wrath (Zot:2)
  A salamander (shapeshifter) (Depths:2)
  3 will-o-the-wisps
  A black mamba (shapeshifter) (Depths:2)
  2 guardian serpents (Snake:2)
  6 elephants
  3 salamanders (Snake:2)
  11 vault sentinels
  7 black mambas
  6 naga magi
  An eye of devastation (shapeshifter) (Depths:4)
  A molten gargoyle (Lair:5)
  A gargoyle (D:12)
  3 cane toads
  An orange demon (Depths:2)
  A torpor snail (Lair:1)
  An unseen horror zombie (Crypt:1)
  2 rime drakes
  Psyche (D:10)
  4 komodo dragons
  3 tengu conjurers
  3 kobold demonologists
  10 yaktaurs
  A troll (Orc:2)
  2 bloated husks
  A harpy zombie (WizLab)
  3 slime creatures (Vaults:3)
  12 hornets
  9 blink frogs
  2 tyrant leeches
  A shapeshifter (Vaults:1)
  11 spriggans
  An elf zombie (Vaults:4)
  17 yaks
  4 hogs (Snake:4)
  A water elemental (Depths:1)
  2 wyverns
  4 fire elementals
  A basilisk (Lair:1)
  3 wraiths
  5 vampire mosquitoes
  2 steam dragons (Swamp:4)
  3 humans (D:9)
  5 wargs
  10 nagas
  3 swamp worms
  6 water moccasins
  A human skeleton (Depths:3)
  2 black bears (D:10)
  7 hell hounds
  26 orc warriors
  4 swamp drakes (Swamp:4)
  22 ogres
  A wolf (Lair:5)
  2 centaurs (D:10)
  A kobold brigand (D:9)
  2 bullfrogs
  An electric eel (Lair:1)
  A lava snake (Lair:5)
  9 orc priests
  8 orc wizards
  2 gnolls (Bailey)
  43 orcs
  5 goblins (Bailey)
  5 hobgoblins (Bailey)
  2 kobolds (D:9)
  4 foxfires
607 creatures vanquished.

Vanquished Creatures (others)
  89 eldritch tentacles
  A sphinx (Vaults:5)
  A deep elf elementalist (Elf:3)
  A war gargoyle (Vaults:5)
  A fire dragon (Depths:1)
  A spriggan druid (Swamp:4)
  2 black mambas
  3 bloated husks
  A centaur (D:13)
  873 foxfires
  87 fungi
  77 plants
  46 snaplasher vines
  2 starspawn tentacles (Abyss:2)
1185 creatures vanquished.

Grand Total: 3233 creatures vanquished

Notes
Turn   | Place    | Note
-------+----------+-------------------------------------------
     0 | D:1      | beikul2 the Djinni Fire Elementalist began the quest for
                  | the Orb.
     0 | D:1      | beikul2 set off with the following spells memorised:
                  | Foxfire, Scorch, Conjure Flame, Inner Flame, Flame Wave.
     0 | D:1      | Reached XP level 1. HP: 15/15 MP: 0/0
   218 | D:1      | Reached XP level 2. HP: 16/21 MP: 0/0
   936 | D:1      | Reached XP level 3. HP: 18/25 MP: 0/0
   936 | D:1      | Learned a level 1 spell: Slow
  1218 | D:2      | Noticed Terence
  1226 | D:2      | Killed Terence
  1228 | D:2      | Reached XP level 4. HP: 18/31 MP: 0/0
  1414 | D:2      | Found a faded altar of an unknown god.
  2459 | D:3      | Noticed an air elemental
  2576 | D:3      | Found a stormy altar of Qazlal.
  2576 | D:3      | Noticed a water elemental
  2586 | D:3      | Reached XP level 5. HP: 34/35 MP: 0/0
  2586 | D:3      | Learned a level 2 spell: Searing Ray
  2661 | D:3      | Noticed a fire elemental
  2729 | D:3      | Noticed Natasha
  2737 | D:3      | Killed Natasha
  3006 | D:3      | Noticed Natasha
  3016 | D:3      | Killed Natasha
  3021 | D:3      | Noticed Sigmund
  3164 | D:3      | Noticed Natasha
  3180 | D:3      | Killed Natasha
  3438 | D:4      | Noticed a lemure
  3440 | D:4      | Noticed Pikel
  3589 | D:4      | Found a hazy altar of Hepliaklqana.
  3611 | D:4      | Reached XP level 6. HP: 33/40 MP: 0/0
  3663 | D:4      | Reached skill level 5 in Spellcasting
  4170 | D:4      | Killed Pikel
  4171 | D:4      | Reached XP level 7. HP: 30/45 MP: 0/0
  4171 | D:4      | Learned a level 2 spell: Blink
  4291 | D:4      | Found a white marble altar of Elyvilon.
  4426 | D:5      | Entered Level 5 of the Dungeon
  4485 | D:5      | Found a staircase to the Ecumenical Temple.
  4495 | Temple   | Entered the Ecumenical Temple
  4495 | Temple   | Found a transporter.
  4495 | Temple   | Found a transporter.
  4497 | Temple   | Found a transporter.
  4497 | Temple   | Found a transporter.
  4517 | Temple   | Became a worshipper of Ashenzari the Shackled
  4552 | D:5      | Reached XP level 8. HP: 48/50 MP: 0/0
  5198 | D:5      | Found Pausil's Jewellery Shoppe.
  5217 | D:5      | Noticed Ijyb
  5221 | D:5      | Killed Ijyb
  5845 | D:6      | Found a shadowy altar of Dithmenos.
  6746 | D:6      | Found a sparkling altar of Nemelex Xobeh.
  6785 | D:6      | Reached skill level 1 in Fighting
  6785 | D:6      | Reached XP level 9. HP: 50/57 MP: 0/0
  6785 | D:6      | Learned a level 4 spell: Ice Form
  6788 | D:6      | Reached skill level 1 in Maces & Flails
  7789 | D:7      | Noticed a hornet
  7938 | D:7      | Killed a hornet
  7939 | D:7      | Reached skill level 5 in Dodging
  7999 | D:7      | Reached XP level 10. HP: 57/67 MP: 0/0
  8238 | D:7      | Found a snail-covered altar of Cheibriados.
  8243 | D:7      | Found Difism's Lightly-Used Armoury.
  8545 | D:7      | Reached * piety under Ashenzari
  8545 | D:7      | Identified a scroll of acquirement
  8546 | D:7      | Acquired the ring of Afeprano {rN+ MP+9 Str-5 Dex+8 SInv}
  8755 | D:7      | Found Zenaelag's Antique Weapon Shop.
  9195 | D:8      | Reached skill level 1 in Short Blades
  9531 | D:8      | Reached skill level 5 in Fighting
  9920 | D:8      | Identified the +3 long sword "Beastbane" {elec, rF- Will+
                  | MP+9 Int+5}
  9993 | D:8      | Reached ** piety under Ashenzari
 10424 | D:9      | Identified the +5 ring mail "Gybrij" {rElec rF++ Dex-3
                  | Slay+5}
 10445 | D:9      | Reached skill level 1 in Long Blades
 11025 | D:9      | Reached skill level 2 in Long Blades
 11556 | D:9      | Reached XP level 11. HP: 68/78 MP: 0/0
 11556 | D:9      | Learned a level 5 spell: Summon Forest
 11657 | D:9      | Reached skill level 3 in Long Blades
 12777 | D:9      | Reached *** piety under Ashenzari
 12782 | D:10     | Entered Level 10 of the Dungeon
 12828 | D:10     | Noticed Psyche
 12992 | D:9      | Reached skill level 4 in Long Blades
 13045 | D:9      | Noticed a sun demon
 13119 | D:10     | Found a staircase to the Lair.
 13195 | D:10     | Found a flagged portal.
 13207 | Bailey   | Entered a bailey
 13388 | Bailey   | Noticed an orc knight
 13422 | Bailey   | Killed an orc knight
 13423 | Bailey   | Reached skill level 5 in Long Blades
 13695 | Bailey   | Identified the +9 dagger of the Shining Light {flame, *Slow
                  | +Blink rElec rPois}
 13949 | Bailey   | Noticed an orc high priest
 14284 | Bailey   | Noticed a sixfirhy
 14658 | Bailey   | Killed an orc high priest
 14689 | Bailey   | Found an iron altar of Okawaru.
 15485 | D:10     | Reached skill level 6 in Long Blades
 15485 | D:10     | Reached XP level 12. HP: 84/91 MP: 0/0
 15871 | D:10     | Found a runed translucent gate.
 15871 | D:10     | Found a runed translucent gate.
 15873 | D:10     | Found a runed translucent gate.
 15875 | D:10     | Noticed diceflayer's ghost (novice DsHu)
 16289 | D:10     | Reached skill level 10 in Spellcasting
 16353 | D:10     | Killed Psyche
 16651 | D:10     | Reached skill level 7 in Long Blades
 16682 | D:10     | Killed diceflayer's ghost
 16845 | D:10     | Acquired a manual of Fighting
 16982 | D:11     | Found a portal to a secret trove of treasure.
 17122 | D:11     | Noticed a two-headed ogre
 17132 | D:11     | Killed a two-headed ogre
 17263 | D:11     | Noticed a two-headed ogre
 17274 | D:11     | Killed a two-headed ogre
 17764 | D:12     | Found a frozen archway.
 17777 | D:12     | Noticed a seven-headed hydra
 17796 | D:12     | Killed a seven-headed hydra
 17837 | D:12     | Noticed Josephine
 17862 | D:12     | Killed Josephine
 17863 | D:12     | Reached skill level 8 in Long Blades
 17889 | D:12     | Identified the cursed +0 cloak of the Eternal Seer {Self,
                  | Cun} (You found it in a bailey)
 17889 | D:12     | Identified the cursed +2 helmet of the Gnostic Lethargy
                  | {Melee, Fort} (You found it on level 3 of the Dungeon)
 17889 | D:12     | Identified the cursed +1 pair of gloves "Adversity of
                  | Ashenzari" {Cun, Melee} (You found it on level 7 of the
                  | Dungeon)
 17889 | D:12     | Identified the cursed +3 troll leather armour of
                  | Ashenzari's Annoyance {Regen+, Fort, Range} (You found it
                  | on level 10 of the Dungeon)
 18374 | D:12     | Reached XP level 13. HP: 97/99 MP: 0/0
 18374 | D:12     | Learned a level 5 spell: Blade Hands
 18399 | D:12     | Found a staircase to the Orcish Mines.
 19015 | Orc:1    | Entered Level 1 of the Orcish Mines
 19318 | Orc:1    | Noticed an orc warlord
 19334 | Orc:1    | Killed an orc warlord
 19335 | Orc:1    | Reached skill level 9 in Long Blades
 19490 | Orc:1    | Reached skill level 10 in Dodging
 19649 | Orc:1    | Found a runed translucent gate.
 19649 | Orc:1    | Found a runed translucent gate.
 19649 | Orc:1    | Found a runed translucent gate.
 19650 | Orc:1    | Found an iron altar of Okawaru.
 19650 | Orc:1    | Noticed a centaur warrior
 19650 | Orc:1    | Noticed t4s4d4r's ghost (journeyman DgFi)
 19651 | Orc:1    | Identified the +1 leather armour "Zefamom" {rF+ rN+ Dex+3}
 19651 | Orc:1    | Noticed a merfolk impaler
 20008 | Orc:2    | Entered Level 2 of the Orcish Mines
 20170 | Orc:2    | Found Fiuquugrud's CLEARANCE SALE!.
 20254 | Orc:2    | Found a staircase to the Elven Halls.
 20307 | Orc:2    | Bought a potion of cancellation for 64 gold pieces
 20393 | Orc:2    | Reached skill level 10 in Fighting
 20400 | Orc:2    | Noticed an orc warlord
 20469 | Orc:2    | Noticed Jorgrun
 20470 | Orc:2    | Noticed an ogre mage
 20479 | Orc:2    | Killed an ogre mage
 20480 | Orc:2    | Killed Jorgrun
 20528 | Orc:2    | Killed an orc warlord
 20543 | Orc:2    | Noticed an ogre mage
 20558 | Orc:2    | Killed an ogre mage
 20559 | Orc:2    | Reached skill level 10 in Long Blades
 20612 | Orc:2    | Found Ife Sai's Armour Shop.
 20612 | Orc:2    | Found Noygun's Antique Armour Emporium.
 20614 | Orc:2    | Noticed an ogre mage
 20614 | Orc:2    | Noticed an ogre mage
 20646 | Orc:2    | Killed an ogre mage
 20651 | Orc:2    | Killed an ogre mage
 20652 | Orc:2    | Reached XP level 14. HP: 76/110 MP: 0/0
 20828 | Orc:2    | Reached skill level 11 in Long Blades
 21013 | Orc:2    | Found Mazun's Antique Weapon Shop.
 21014 | Orc:2    | Found Judom's Jewellery Shoppe.
 21448 | Orc:2    | Bought a heavy robe for 171 gold pieces
 21448 | Orc:2    | Identified the +0 robe of the Ghostly God {Str+5} (You
                  | bought it in a shop on level 2 of the Orcish Mines)
 21587 | Lair:1   | Entered Level 1 of the Lair of Beasts
 23189 | Lair:2   | Noticed Gastronok
 23206 | Lair:2   | Killed Gastronok
 23207 | Lair:2   | Reached XP level 15. HP: 101/121 MP: 0/0
 23207 | Lair:2   | Learned a level 6 spell: Statue Form
 23593 | Lair:3   | Found a staircase to the Snake Pit.
 23669 | Lair:3   | Noticed Nessos
 23674 | Lair:3   | Killed Nessos
 23875 | Lair:3   | Found a bloodstained altar of Trog.
 23997 | Lair:3   | Identified the ring of Fatigue {EV+4 Dex+3}
 24055 | Lair:3   | Found a staircase to the Swamp.
 25091 | Lair:4   | Found a viscous altar of Jiyva.
 25092 | Lair:4   | Found a staircase to the Slime Pits.
 25897 | Lair:5   | Entered Level 5 of the Lair of Beasts
 26595 | Lair:5   | Reached skill level 15 in Fighting
 26631 | Lair:5   | Found a large runed translucent door.
 26632 | Lair:5   | Found a large runed translucent door.
 27784 | Swamp:1  | Entered Level 1 of the Swamp
 27934 | Swamp:1  | Identified the +2 chain mail of the Secret Deaths {+Blink
                  | rElec Int-4 Dex-2}
 28392 | Swamp:2  | Identified the +4 long sword "Byrino" {freeze, Fly rElec
                  | rC- SInv}
 28406 | Swamp:2  | Reached XP level 16. HP: 132/132 MP: 0/0
 28508 | Swamp:2  | Reached skill level 12 in Long Blades
 28977 | Swamp:3  | Noticed a fenstrider witch
 28984 | Swamp:3  | Killed a fenstrider witch
 29328 | Swamp:3  | Reached skill level 13 in Long Blades
 29644 | Swamp:4  | Entered Level 4 of the Swamp
 29865 | Swamp:4  | Reached skill level 15 in Dodging
 29899 | Swamp:4  | Reached XP level 17. HP: 109/138 MP: 0/0
 29899 | Swamp:4  | Learned a level 6 spell: Starburst
 29906 | Swamp:4  | Reached skill level 14 in Long Blades
 30201 | Swamp:4  | Noticed Louise
 30359 | Swamp:4  | Killed Louise
 30614 | Swamp:4  | Got a decaying rune of Zot
 30994 | D:6      | Found a sparkling altar of Nemelex Xobeh.
 31159 | D:6      | Found a shadowy altar of Dithmenos.
 31617 | D:6      | Found a sparkling altar of Nemelex Xobeh.
 31837 | D:6      | Found a shadowy altar of Dithmenos.
 32155 | D:3      | Killed Sigmund
 32454 | Snake:1  | Entered Level 1 of the Snake Pit
 32501 | Snake:1  | Reached skill level 1 in Shields
 32609 | Snake:1  | Reached skill level 15 in Long Blades
 32842 | Snake:1  | Noticed Aizul
 32854 | Snake:1  | Killed Aizul
 32914 | Snake:1  | Found Jocau's Jewellery Shoppe.
 32914 | Snake:1  | Found Zonomm's Book Boutique.
 32924 | Snake:1  | Found Duychiza's Jewellery Shoppe.
 33250 | Snake:2  | Acquired the +8 triple sword of the Chain {vorpal, rN++
                  | Int-2 Dex+8}
 33338 | Snake:2  | Identified the +5 robe of Tapos {rN+}
 33559 | Snake:2  | Reached skill level 16 in Long Blades
 33644 | Snake:2  | Noticed Saint Roka
 33651 | Snake:2  | Reached XP level 18. HP: 145/145 MP: 0/0
 33657 | Snake:2  | Killed Saint Roka
 34441 | Snake:3  | Found Cufaosidgh's Tremendous Tomes.
 34493 | Snake:3  | Found Taut Hud's Firing Range.
 34605 | Snake:3  | Reached skill level 17 in Long Blades
 34765 | Snake:4  | Entered Level 4 of the Snake Pit
 35297 | Snake:4  | Noticed Kirke
 35304 | Snake:4  | Killed Kirke
 35435 | Snake:4  | Reached skill level 18 in Long Blades
 35702 | Snake:4  | Reached XP level 19. HP: 150/150 MP: 0/0
 35702 | Snake:4  | Learned a level 7 spell: Malign Gateway
 35855 | Snake:4  | Reached skill level 19 in Long Blades
 35897 | Snake:4  | Got a serpentine rune of Zot
 36580 | Orc:1    | Killed t4s4d4r's ghost
 36889 | D:13     | Identified the +5 short sword of the Endless Tales
                  | {protect, rPois rF- Dex+3}
 37239 | D:13     | Found a gate to the Vaults.
 37795 | D:14     | Found a gate leading to a gauntlet.
 37814 | Gauntlet | Entered a Gauntlet
 37814 | Gauntlet | Found a transporter.
 37831 | Gauntlet | Found a transporter.
 37832 | Gauntlet | Found a transporter.
 37847 | Gauntlet | Found a transporter.
 37847 | Gauntlet | Identified the amulet of Iweubef {Faith Rampage rElec
                  | Str-3}
 37859 | Gauntlet | Found a transporter.
 37859 | Gauntlet | Identified the +0 cloak of Elitism {Fly rF- rN+ Dex+6}
 37876 | Gauntlet | Identified the +0 helmet of Tinufiun {rPois rN+ Str+3}
 37877 | Gauntlet | Found a transporter.
 37890 | Gauntlet | Found a transporter.
 37912 | Gauntlet | Found a transporter.
 37912 | Gauntlet | Found a transporter.
 37912 | Gauntlet | Identified the +0 pair of gloves of Spite {rF+ rC+ Str+3}
 37920 | Gauntlet | Found a transporter.
 37950 | Gauntlet | Found a transporter.
 37950 | Gauntlet | Identified the ring "Ruwkecec" {rElec rPois rC+ Will+}
 37954 | Gauntlet | Found a transporter.
 37958 | Gauntlet | Found a runed translucent door.
 37959 | Gauntlet | Found a runed translucent door.
 38240 | D:14     | Noticed Azrael
 38254 | D:14     | Killed Azrael
 38880 | D:15     | Entered Level 15 of the Dungeon
 38927 | D:15     | Reached skill level 20 in Long Blades
 39215 | D:15     | Found a staircase to the Depths.
 39399 | D:15     | Found a broken altar of Ashenzari.
 39890 | Elf:1    | Entered Level 1 of the Elven Halls
 39970 | Elf:1    | Noticed a Tzitzimitl
 39993 | Elf:1    | Reached XP level 20. HP: 157/157 MP: 0/0
 40108 | Elf:1    | Found Jyceasu's Assorted Antiques.
 40119 | Elf:1    | Bought an ominously black robe for 171 gold pieces
 40119 | Elf:1    | Identified the +1 robe of Circular Logic {Slay+5} (You
                  | bought it in a shop on level 1 of the Elven Halls)
 40482 | Elf:1    | Paralysed by an air elemental for 1 turns
 40619 | Elf:1    | Noticed a Brimstone Fiend
 41347 | Elf:1    | Found Jyceasu's Assorted Antiques.
 41544 | Elf:1    | Noticed a Hell Sentinel
 41785 | Elf:2    | Paralysed by an air elemental for 1 turns
 41938 | Elf:2    | Identified the +11 hand axe "Amyl" {holy, +Blink rF+ rN+
                  | Str+4}
 42242 | Elf:2    | Found a huge runed translucent gate.
 42242 | Elf:2    | Found a huge runed translucent gate.
 42242 | Elf:2    | Found a huge runed translucent gate.
 42243 | Elf:2    | Found a huge runed translucent gate.
 42243 | Elf:2    | Found a huge runed translucent gate.
 42288 | Elf:3    | Entered Level 3 of the Elven Halls
 43005 | Elf:3    | Identified the +9 eveningstar of Noon {vorpal, rN++ Str-5
                  | SInv}
 43005 | Elf:3    | Identified the ring "Kiruuf" {rElec rC+ rN+ Will- Dex+6}
 43093 | Elf:3    | Identified the +5 long sword "Widowermaker" {drain, rC+++
                  | Will- Str-4 Dex+8}
 43131 | Elf:3    | Noticed a Tzitzimitl
 43364 | Abyss:2  | Cast into level 2 of the Abyss (a deep elf demonologist)
 43410 | Abyss:2  | Noticed a tentacled monstrosity
 43419 | Elf:3    | Escaped the Abyss
 43506 | Elf:3    | Identified the +5 scale mail of the Playwright {rN+++ Will+
                  | MP-9}
 43791 | Elf:3    | Identified the +6 halberd "Qeamiaci" {drain, rPois rF++}
 43822 | Elf:3    | Identified the Handbook of the Unholy Figure
 43823 | Elf:3    | Identified the Omnibus of Damaging Bewitchment
 43826 | Elf:3    | Identified the Volume of the Grave
 43829 | Elf:3    | Identified the +5 sling of Tartarus {freeze, Will+}
 43830 | Elf:3    | Identified the Textbook on Windy Diablerie
 44166 | Vaults:1 | Entered Level 1 of the Vaults
 44174 | Vaults:1 | Reached skill level 1 in Armour
 44178 | Vaults:1 | Reached XP level 21. HP: 164/164 MP: 0/0
 44178 | Vaults:1 | Learned a level 7 spell: Summon Hydra
 44225 | Vaults:1 | Reached skill level 5 in Stealth
 44442 | Vaults:1 | Noticed Zenata
 44663 | Vaults:1 | Killed Zenata
 45340 | Vaults:1 | Identified the +0 robe of the Slimy God {rN+ Str+3 Int+4
                  | Stlth-}
 46484 | Orc:2    | Bought a cloak for 135 gold pieces
 46484 | Orc:2    | Bought a masterwork plate armour for 840 gold pieces
 46484 | Orc:2    | Identified the +5 plate armour of the Lair of Beasts {rC+
                  | rN+ rCorr Str+4} (You bought it in a shop on level 2 of the
                  | Orcish Mines)
 46852 | Vaults:2 | Found a magical portal.
 46861 | WizLab   | Entered Borgnjor's Mausoleum
 47186 | WizLab   | Reached XP level 22. HP: 173/173 MP: 0/0
 47479 | WizLab   | Identified the Handbook of Dark Arts
 47587 | Vaults:2 | Noticed a bone dragon
 47588 | Vaults:2 | Found a staircase to the Crypt.
 47591 | Vaults:2 | Killed a bone dragon
 47697 | Vaults:2 | Identified the +6 spear "Siucvakh" {vorpal, *Corrode rPois
                  | rF+ Dex+6}
 47701 | Vaults:2 | Found Zaycwezylu's Jewellery Shoppe.
 47743 | Vaults:2 | Reached skill level 1 in Evocations
 47771 | Vaults:2 | Found Heseoh's Armour Shoppe.
 48074 | Vaults:2 | Reached skill level 15 in Spellcasting
 48273 | Vaults:2 | Found Ethuq's Distillery.
 48421 | Vaults:2 | Noticed Jory
 48434 | Vaults:2 | Killed Jory
 48542 | Vaults:2 | Bought a potion of heal wounds for 100 gold pieces
 48542 | Vaults:2 | Bought a potion of curing for 60 gold pieces
 48542 | Vaults:2 | Bought a potion of ambrosia for 160 gold pieces
 48542 | Vaults:2 | Bought a potion of haste for 200 gold pieces
 48750 | Vaults:2 | Reached skill level 5 in Evocations
 48813 | Vaults:2 | Found Lemi's Jewellery Shoppe.
 48960 | Vaults:2 | Reached **** piety under Ashenzari
 49447 | Vaults:3 | Found Zuxauvoq's Weapon Boutique.
 49782 | Vaults:3 | Reached XP level 23. HP: 186/186 MP: 0/0
 49782 | Vaults:3 | Learned a level 7 spell: Orb of Destruction
 51039 | Vaults:4 | HP: 2/239 [white very ugly thing (51)]
 51583 | Vaults:4 | Identified the +4 ring mail "Ceycior" {+Blink Regen+ Str+3}
 52599 | Depths:1 | Entered Level 1 of the Depths
 52663 | Depths:1 | Reached skill level 21 in Long Blades
 52725 | Depths:1 | Found an opulent altar of Gozag.
 52921 | Depths:1 | Reached XP level 24. HP: 191/191 MP: 0/0
 53014 | Depths:1 | Noticed Nikola
 53030 | Depths:1 | Killed Nikola
 53194 | Depths:1 | Found a gateway to Hell.
 53265 | Depths:1 | Found a one-way gate to the infinite horrors of the Abyss.
 53791 | Depths:2 | Found a one-way gate leading to the halls of Pandemonium.
 53952 | Depths:2 | Identified the +6 glaive "Ginosoaj" {vorpal, MP+9}
 54302 | Depths:2 | Identified Raecooh's Codex of Left-Handed Rituals
 54727 | Depths:2 | Found a one-way gateway to a ziggurat.
 55374 | Depths:2 | Reached XP level 25. HP: 198/198 MP: 0/0
 55374 | Depths:2 | Learned a level 8 spell: Lehudib's Crystal Spear
 55753 | Depths:3 | Identified the +2 cloak of Zan Byas {rElec Str+5}
 56083 | Depths:3 | Noticed Mennas
 56104 | Depths:3 | Killed Mennas
 56133 | Depths:3 | Identified the +1 mace of Ace Aluh {vorpal, Fragile rC-
                  | Str+8 Dex+3}
 56146 | Depths:3 | Identified the +1 chain mail "Hikiur" {rPois rN+}
 56208 | Depths:3 | Identified the +2 pair of gloves of Context {rF++ Regen+
                  | Dex-3 Slay+5}
 56256 | Depths:3 | Found an iron altar of Okawaru.
 56594 | Vaults:2 | Bought the +2 helmet of the Desert {Will++ rCorr Int+8
                  | Dex-4} for 693 gold pieces
 56806 | Depths:4 | Entered Level 4 of the Depths
 57087 | Depths:4 | Found a basalt altar of Yredelemnul.
 57088 | Depths:4 | Found a glowing silver altar of Zin.
 57091 | Depths:4 | Found a basalt altar of Yredelemnul.
 57307 | Depths:4 | Found a gate to the Realm of Zot.
 57612 | Depths:4 | Noticed a juggernaut
 57666 | Depths:4 | Noticed Margery
 57689 | Depths:4 | Killed Margery
 57890 | Depths:4 | Noticed a juggernaut
 57926 | Depths:4 | Killed a juggernaut
 58047 | Depths:4 | Noticed a caustic shrike
 58054 | Depths:4 | Killed a caustic shrike
 58104 | Depths:4 | Reached XP level 26. HP: 207/207 MP: 0/0
 58135 | Depths:4 | Noticed a juggernaut
 58147 | Depths:4 | Killed a juggernaut
 58378 | Depths:4 | Killed a juggernaut
 58924 | Elf:3    | Acquired the +5 triple sword of Slow Death {speed, Str+3
                  | Int+5}
 58925 | Elf:3    | Acquired the +8 rapier of the Shrinking Boar {spect,
                  | Will++}
 59053 | Elf:1    | Bought a potion of resistance for 300 gold pieces
 59704 | Vaults:5 | Entered Level 5 of the Vaults
 59808 | Vaults:5 | Reached skill level 22 in Long Blades
 59826 | Vaults:5 | Noticed an ancient lich
 59843 | Vaults:5 | Killed an ancient lich
 60089 | Vaults:5 | Reached XP level 27. HP: 160/211 MP: 0/0
 60089 | Vaults:5 | Learned a level 9 spell: Polar Vortex
 60089 | Vaults:5 | Identified the +7 short sword of the Eye-covered God
                  | {freeze, rC- Str+4 Int+3}
 61694 | Vaults:5 | Identified the +11 sling of Ubruaw {flame, rC+}
 61702 | Vaults:5 | Identified the ring of the Damp God {Fire Dex+2}
 61735 | Vaults:5 | Acquired a manual of Short Blades
 61993 | Vaults:5 | Got a silver rune of Zot
 62151 | Vaults:5 | Acquired a manual of Evocations
 62758 | Crypt:1  | Entered Level 1 of the Crypt
 63164 | Crypt:1  | Identified the +6 scimitar "Marenn" {speed, Int+7 Dex-4}
 64977 | Zot:1    | Entered Level 1 of the Realm of Zot
 65771 | Zot:2    | Noticed an orb of fire
 65782 | Zot:2    | HP: 8/282 [quicksilver dragon (22)]
 65782 | Zot:2    | Mangled by a quicksilver dragon

Illustrated notes

Levels and vault maps discovered:
D:1:      dpeg_arrival_lava_temple_mockup, layout_basic, minmay_split_cup_small
D:2:      layout_loops_ring, shapermc_ecumenical_altar_pompeii,
          kennysheep_donut, st_stairs_3, serial_park_tiny_pond, uniq_terence
D:3:      layout_loops_corners, nicolae_qazlal_style_of_elements,
          nicolae_eternal_life, serial_bayou_lake_a, uniq_natasha, uniq_sigmund
D:4:      layout_rooms, elyvilon_altar_3, gammafunk_temple_overflow_pools,
          uniq_pikel
D:5:      layout_loops_cross, minmay_temple_entry_junction, serial_shops,
          nicolae_shop_trees, patterned_corridor, uniq_ijyb
D:6:      cheibrodos_barr_body, layout_loops_ring,
          nicolae_dithmenos_through_a_glass_darkly, nemelex_dance_club_becter
D:7:      layout_rooms, mainiacjoe_overflow_boulevard, serial_shops, shop,
          minmay_shop_damaged, eino_curves_01, corexii_hall_statues_x
D:8:      layout_rooms, st_stairs_5
D:9:      layout_long_grid, hex_tiny, minmay_ruffians
D:10:     layout_basic, due_lair_maze_entry_diamond, enter_bailey_3,
          biasface_ghost_orc_armoury, uniq_psyche
D:11:     layout_long_grid, enter_trove_6
D:12:     layout_stronghold, orc_0_dummy, portal_ice_cave_entry_pillars_2,
          uniq_josephine
D:13:     layout_basic, david_vaults_4
D:14:     layout_roguey, dreamdust_wishing_well, gauntlet_entry_generic,
          kennysheep_generic_room_6, uniq_azrael
D:15:     grunt_enter_depths_hoard, layout_long_grid, nicolae_ashenzari_skybound
Temple:   hellmonk_temple_divided_pantheon
Lair:1:   layout_cave_pods, serial_bayou_lagoon_b, infiniplex_staircase_pool_2
Lair:2:   layout_hall_layers, grunt_megastairs_1, uniq_gastronok
Lair:3:   layout_loops_ring, minmay_swamp_entry_wisps,
          guppyfry_snake_entry_garden, basic_altar, uniq_nessos
Lair:4:   layout_layer_cave, slime_entry_1
Lair:5:   cheibrodos_lair_end_hotspot, layout_cellular_growth,
          chequers_serial_rivers_room_b
Swamp:1:  layout_falls_marsh, serial_swamp_ruin, evilmike_swamp_ruin_house_6,
          evilmike_swamp_ruin_rubble_1
Swamp:2:  layout_falls_marsh, evilmike_swamp_ruin_house_1,
          nicolae_swamp_fairy_circle
Swamp:3:  layout_basic_swamp, evilmike_swamp_ruin_house_2,
          nzn_swamp_dancing_lights
Swamp:4:  swamp_fiery, layout_basic_swamp, uniq_louise
Snake:1:  layout_misc_corridors, st_stairs_7, nrook_loot_triangle,
          lemuel_fruit_tree, grunt_megastairs_4, minmay_shop_grove, uniq_aizul
Snake:2:  layout_misc_corridors, drop_trap, grunt_ministairs_9,
          nicolae_triple_integral, uniq_saint_roka
Snake:3:  layout_onion_interference, nicolae_shop_i_like_big_books,
          nicolae_shop_firing_range
Snake:4:  grunt_snake_rune_pools, layout_basic, uniq_kirke
Orc:1:    layout_caves, gammafunk_ghost_fury_of_okawaru, basic_altar
Orc:2:    st_orc_ogre_mass, layout_diamond_mine, nicolae_shop_clearance,
          uniq_jorgrun
Elf:1:    eino_elf_arrival_the_gate, layout_geoelf_grid, serial_shops, shop,
          minivault_28, lemuel_upstairs_altar
Elf:2:    elven_hall_of_blades_hangedman_alternative
          [nicolae_blade_entry_area_security], layout_geoelf_octagon
Elf:3:    minmay_elf_hall_curves, layout_loops_corners, minmay_misc_feat_cross,
          st_stairs_3
Vaults:1: hangedman_vaults_nails, vaults_mumra_minichess, v_pattern_4,
          vaults_room_ringed_pool, hangedman_vaults_variations,
          ontoclasm_vaults_eye, dpeg_vaults_monster_box, nicolae_vaults_theta,
          dpeg_vaults_hating_casters, ontoclasm_vaults_pinch,
          nicolae_vaults_ring_of_whatevers, nicolae_vaults_little_squares_4,
          layout_vaults_omnibox, uniq_zenata
Vaults:2: mu_enter_wizlab_4, st_diamondy, minmay_crypt_entry_nasty_monster,
          nicolae_vaults_little_ls, v_misc_5, v_pattern_3,
          hangedman_vaults_pinch, v_misc_25, grunt_vaults_hallway_long,
          hangedman_vaults_maws, v_alt_pattern_6, nicolae_vaults_rhombus_6,
          layout_vaults_chaotic_city, serial_shops, shop, nicolae_shop_trees,
          shop_statue, shop, uniq_jory
Vaults:3: vaults_room_boxed, nicolae_vaults_know_your_exits,
          hangedman_vaults_corner_blocks, grunt_vaults_funnel,
          nicolae_vaults_circle_grid_a, v_misc_26, grunt_vaults_trifunnel,
          vaults_standard_mumra_lines, vaults_room_fours,
          layout_vaults_omnigrid, serial_shops, shop_statue
Vaults:4: ontoclasm_vaults_fault, v_alt_pattern_4,
          nicolae_vaults_network_periphery, dpeg_vaults_monster_row, v_misc_17,
          ontoclasm_vaults_decontamination, nicolae_vaults_big_angled_halls,
          v_misc_29, nicolae_vaults_what_the_h, vaults_dpeg_ring,
          nicolae_vaults_specimen_jars, layout_vaults_maze_snakey
Vaults:5
Crypt:1:  statuecave_lemuel, layout_basic, palyth_stone_intersect
Crypt:2:  layout_misc_corridors
Depths:1: layout_forbidden_donut, hangedman_tar_grid_catacomb,
          grunt_gozag_statues, abyss_entry_glasseish, corner_web_ring,
          hangedman_corner_corridor, uniq_nikola
Depths:2: minmay_the_grid_square_5x5_4x4_mashed
          [minmay_the_grid_square_5x5_checkered_statues,
          minmay_the_grid_square_5x5_tri_point,
          minmay_the_grid_square_5x5_moneybag,
          minmay_the_grid_square_5x5_spiral, minmay_the_grid_square_5x5_seven,
          minmay_the_grid_square_5x5_prize_waves,
          minmay_the_grid_square_5x5_prize_gold,
          minmay_the_grid_square_5x5_inner_z,
          minmay_the_grid_square_5x5_intrusive_squares,
          minmay_the_grid_square_5x5_prize_monsterx,
          minmay_the_grid_square_5x5_prize_itemx,
          minmay_the_grid_square_5x5_gyroscope,
          minmay_the_grid_square_5x5_misaligned,
          minmay_the_grid_square_5x5_fat_x, minmay_the_grid_square_5x5_slash,
          minmay_the_grid_square_5x5_trominoes], layout_gridville,
          enter_ziggurat_a, rand_demon_pan_entry_8, hell_entry,
          minmay_fountain_box, kennysheep_nub, infiniplex_staircase_river
Depths:3: evilmike_iron_armoury, layout_cross, hangedman_abyss_entry_splay,
          hell_entry, hangedman_decor_riveting, st_stairs_1,
          kennysheep_minor_cross, uniq_mennas
Depths:4: hangedman_slaughterboxes, hell_entry, serial_shops, uniq_margery
Zot:1:    layout_misc_corridors, grunt_megastairs_2
Zot:2:    layout_cellular_growth, evilmike_ambush
          [evilmike_ambush_outer_pillars, evilmike_ambush_inner_wall_2], uniq_vv

Skill      XL: |  1  2  3  4  5  6  7  8  9 10 11 12 13 14 15 16 17 18 19 20 21 22 23 24 25 26 27 |
---------------+----------------------------------------------------------------------------------+-----
Spellcasting   | 3 4 6 8 9 10 11 12 13 14 15 16 18 19 21 | 21.0
Fighting       | 1 3 5 7 8 11 13 15 16 17 18 19 20 21 | 21.1
Maces & Flails | 3 |  3.6
Dodging        | 5 6 8 9 10 12 13 15 16 17 18 19 20 | 20.7
Short Blades   | 3 |  3.0
Long Blades    | 2 6 8 10 11 13 16 18 20 21 22 | 22.4
Shields        | 2 |  2.1
Stealth        | 4 7 |  7.6
Armour         | 1 2 4 |  4.8
Evocations     | 6 7 8 9 |  9.4

Action                   |  1- 3 |  4- 6 |  7- 9 | 10-12 | 13-15 | 16-18 | 19-21 | 22-24 | 25-27 || total
-------------------------+-------+-------+-------+-------+-------+-------+-------+-------+-------++-------
Melee: Unarmed           |     2 |       |       |       |       |       |       |       |       ||     2
       Flail             |       |     3 |     5 |     1 |    10 |    13 |       |       |       ||    32
       Long sword        |       |       |       |    47 |   265 |   430 |    48 |    64 |   356 ||  1210
       Short sword       |       |       |       |     2 |       |       |       |       |       ||     2
       Punch             |       |       |       |     1 |     7 |     5 |     1 |       |     5 ||    19
       Great sword       |       |       |       |       |       |    68 |   215 |       |       ||   283
       Dagger            |       |       |       |       |       |    11 |    12 |     2 |     4 ||    29
       Triple sword      |       |       |       |       |       |       |   354 |   737 |   430 ||  1521
       Eudemon blade     |       |       |       |       |       |       |       |       |   206 ||   206
 Fire: Sling             |       |     1 |       |       |       |       |       |       |       ||     1
 Cast: Foxfire           |    18 |    50 |    72 |   150 |   134 |    78 |    14 |       |     4 ||   520
       Scorch            |     8 |    31 |    61 |   120 |    72 |    38 |    13 |       |       ||   343
       Conjure Flame     |       |    10 |    14 |    22 |     9 |     4 |     9 |       |     1 ||    69
       Slow              |       |     2 |     1 |    17 |     9 |     4 |       |       |       ||    33
       Searing Ray       |       |     2 |     3 |     6 |       |       |       |       |       ||    11
       Inner Flame       |       |     1 |       |     1 |     5 |     1 |       |       |       ||     8
       Flame Wave        |       |       |     4 |    10 |     2 |    19 |    15 |     3 |     6 ||    59
       Blink             |       |       |     1 |     4 |     4 |     8 |     7 |     5 |     7 ||    36
       Summon Forest     |       |       |       |    37 |    79 |    60 |    39 |    14 |    10 ||   239
       Ice Form          |       |       |       |     1 |       |       |       |       |       ||     1
       Statue Form       |       |       |       |       |    28 |    46 |    66 |    72 |    89 ||   301
       Starburst         |       |       |       |       |       |    45 |    66 |    22 |    53 ||   186
       Malign Gateway    |       |       |       |       |       |       |    23 |    45 |    22 ||    90
       Summon Hydra      |       |       |       |       |       |       |    12 |    23 |    23 ||    58
       Orb of Destructio |       |       |       |       |       |       |       |     6 |    25 ||    31
       Lehudib's Crystal |       |       |       |       |       |       |       |       |    46 ||    46
       Polar Vortex      |       |       |       |       |       |       |       |       |     2 ||     2
Invok: Curse Item        |       |       |     1 |     5 |       |       |     1 |     2 |     3 ||    12
       Shatter the Chain |       |       |       |     1 |       |       |     2 |     1 |     3 ||     7
 Abil: End Transformatio |       |       |       |     1 |       |       |     1 |       |     5 ||     7
Evoke: Wand              |       |       |       |     7 |       |     2 |     1 |       |       ||    10
       Phantom mirror    |       |       |       |       |       |       |       |       |     1 ||     1
  Use: Scroll            |       |     4 |    13 |     6 |     1 |    11 |    15 |     3 |    23 ||    76
       Potion            |       |     4 |     1 |     1 |       |       |    11 |     1 |    13 ||    31
 Stab: Distracted        |       |       |       |       |     8 |    10 |    10 |     8 |     7 ||    43
       Sleeping          |       |       |       |       |     1 |     3 |    12 |     9 |     6 ||    31
       Petrified         |       |       |       |       |       |       |       |     1 |       ||     1
       Fleeing           |       |       |       |       |       |       |       |       |     1 ||     1
Armor: Robe              |     2 |     3 |    14 |    17 |       |       |       |       |       ||    36
       Troll leather arm |       |       |       |     3 |    19 |    22 |    51 |    41 |       ||   136
       Skin              |       |       |       |       |    64 |   244 |   239 |   344 |   474 ||  1365
       Ring mail         |       |       |       |       |       |       |       |     9 |    54 ||    63
Dodge: Dodged            |     5 |    14 |    23 |   130 |   316 |  1006 |  1035 |  1496 |  1847 ||  5872
Block: Other             |       |       |       |       |    76 |       |       |       |       ||    76
       Buckler           |       |       |       |       |       |    99 |       |       |   260 ||   359
       Reflection        |       |       |       |       |       |       |       |       |     3 ||     3
